CHICAGO Blackhawks vs COLORADO Avalanche

Created - 22 mars 2019 at 16:06

Goals
1 2 3 T
CHICAGO Blackhawks 0 1 0 1
COLORADO Avalanche 1 2 0 3
Shots
1 2 3 T
CHICAGO Blackhawks 8 11 11 30
COLORADO Avalanche 11 9 10 30

1st period

1. COLORADO Avalanche , Darren Helm 9 (David Perron 34, Jonathan Ericsson 21) at 11:53 (PP)

Penalties :
David Pastrnak (COL) for Holding (Minor) at 8:26, Josh Manson (CHI) for Roughing (Minor) at 10:31

2nd period

2. COLORADO Avalanche , Patrick Maroon 12 (Darren Helm 21, Jonas Brodin 38) at 2:39
3. COLORADO Avalanche , Ryan Spooner 12 (Carl Hagelin 16) at 2:45
4. CHICAGO Blackhawks , Jonathan Toews 27 (Patrick Kane 42, Brent Seabrook 25) at 5:30

Penalties :
David Perron (COL) for Hooking (Minor) at 3:40, Josh Manson (CHI) for Tripping (Minor) at 3:40, Kevin Bieksa (COL) for Hooking (Minor) at 10:07

3rd period

No Goal

Penalties :
Jonathan Ericsson (COL) for Hooking (Minor) at 1:35, Brian Dumoulin (CHI) for Roughing (Minor) at 9:12

Goalie Stats

Corey Crawford (CHI), 27 saves from 30 shots - (0,900), L, 25-27-4, 60:00 minutes
Brian Elliott (COL), 29 saves from 30 shots - (0,967), W, 27-31-4, 60:00 minutes

Players Stats for CHICAGO Blackhawks

Player Name              G  A  P  +/- PIM S  H  SB GA TA FO     MP     PP MP  PK MP  
------------------------------------------------------------------------------------
Aaron Ekblad             0  0  0   0  0   2  0  1  0  0  0/0    20:02   3:02   0:14 
Anton Stralman           0  0  0   1  0   1  1  0  0  0  0/0    23:41   2:55   1:41 
Brad Richardson          0  0  0   0  0   2  1  0  0  0  0/1     7:36   0:00   2:09 
Brent Seabrook           0  1  1   0  0   0  0  1  0  0  0/0    25:36   3:02   1:41 
Brian Dumoulin           0  0  0  -1  2   1  2  2  0  0  0/0    13:40   0:00   0:38 
Devante Smith-Pelly      0  0  0   0  0   0  1  0  0  0  0/0     5:27   0:00   0:00 
Eric Staal               0  0  0   0  0   3  2  1  0  0  15/31  18:48   2:56   0:48 
Jonathan Toews           1  0  1   0  0   3  2  0  0  0  26/36  26:19   3:01   2:33 
Josh Manson              0  0  0  -1  4   0  6  1  0  0  0/0    19:17   0:00   1:02 
Kevin Hayes              0  0  0  -1  0   0  0  0  0  0  10/12   9:26   0:00   0:00 
Kyle Palmieri            0  0  0   0  0   4  1  0  0  0  0/0    17:51   2:56   0:00 
Mike Hoffman             0  0  0   0  0   2  0  0  0  0  1/1    17:56   3:01   0:00 
Nick Shore               0  0  0   0  0   0  0  0  0  0  1/7     5:27   0:00   0:00 
Patrick Kane             0  1  1   0  0   7  1  0  0  0  3/7    23:46   3:01   0:00 
Teuvo Teravainen         0  0  0  -1  0   3  1  0  0  0  1/1    18:59   0:00   0:04 
Tom Wilson               0  0  0  -1  0   1  0  0  0  0  0/0    10:34   0:00   1:08 
Will Butcher             0  0  0  -1  0   0  0  1  0  0  0/0    17:41   2:55   1:26 
William Nylander         0  0  0  -1  0   1  0  0  0  0  1/1    12:31   2:56   0:00 

Players Stats for COLORADO Avalanche

Player Name              G  A  P  +/- PIM S  H  SB GA TA FO     MP     PP MP  PK MP  
------------------------------------------------------------------------------------
Carl Hagelin             0  1  1   1  0   2  2  0  0  0  1/5    14:06   0:00   0:00 
Craig Smith              0  0  0   0  0   1  0  0  0  0  2/2    21:13   1:48   1:51 
Dan Girardi              0  0  0   0  0   2  1  3  0  0  0/0    23:26   0:00   0:00 
Darren Helm              1  1  2   1  0   1  0  0  0  0  7/18   17:04   1:33   0:00 
David Pastrnak           0  0  0  -1  2   8  8  0  0  0  5/14   26:09   1:48   2:35 
David Perron             0  1  1   1  2   1  1  0  0  0  0/0    20:40   1:33   3:37 
David Savard             0  0  0   0  0   1  2  3  0  0  0/0    26:07   2:07   2:26 
Frank Vatrano            0  0  0   0  0   0  1  0  0  0  0/0     2:53   0:00   0:00 
Jeff Skinner             0  0  0   0  0   5  2  0  0  0  13/30  21:13   1:48   1:51 
Jonas Brodin             0  1  1   1  0   2  1  2  0  0  0/0    22:26   1:14   3:25 
Jonathan Ericsson        0  1  1   1  2   1  1  4  0  0  0/0    21:06   1:14   2:06 
Justin Falk              0  0  0   0  0   0  2  1  0  0  0/0    11:36   0:00   2:48 
Kevin Bieksa             0  0  0   0  2   0  1  1  0  0  0/0    15:17   2:07   1:09 
Kris Versteeg            0  0  0   1  0   1  1  0  0  0  2/2    12:48   0:00   0:03 
Mathieu Perreault        0  0  0   0  0   0  0  0  0  0  0/0     0:00   0:00   0:00 
Patrick Maroon           1  0  1   1  0   3  0  0  0  0  2/3    17:04   1:33   0:00 
Ryan Spooner             1  0  1   0  0   1  0  0  0  0  6/14   14:35   0:00   0:39 
Zack Smith               0  0  0   0  0   1  0  0  0  0  1/9     4:17   0:00   1:18 

3 Stars

1 - Brian Elliott (COL)
2 - Darren Helm (COL)
3 - Patrick Maroon (COL)

Power Play

CHICAGO Blackhawks - 0 on 3 Attempt(s) - 0,00%
COLORADO Avalanche - 1 on 2 Attempt(s) - 50,00%

Penalty Kill

CHICAGO Blackhawks - 1 on 2 Attempt(s) - 50,00% - Score 0 goal in Penalty Kill
COLORADO Avalanche - 3 on 3 Attempt(s) - 100,00% - Score 0 goal in Penalty Kill

Team Stat

CHICAGO Blackhawks - Hits : 18 - Faceoff Wins : 58 - Blocked Shots : 7 - Penalty Minutes : 6
COLORADO Avalanche - Hits : 23 - Faceoff Wins : 39 - Blocked Shots : 14 - Penalty Minutes : 8

Official

Referees : Unknown
Linesman : Unknown

Game Notes

No Game Note

Finance

Level 1 -- Attendance: 5221 (87,02%) -- Ticket Income 522 100 $
Level 2 -- Attendance: 3680 (73,60%) -- Ticket Income 220 800 $
Level 3 -- Attendance: 1853 (92,65%) -- Ticket Income 64 855 $
Level 4 -- Attendance: 2884 (72,10%) -- Ticket Income 72 100 $
Luxury Box -- Attendance: 740 (74,00%) -- Ticket Income 148 000 $
Game was played at the Pepsi Center.
Total Attendance: 14378 (79,88%)
Total Ticket Income: 1 027 855 $
Other Income: 400 863 $
Total Income: 1 428 718 $

CHICAGO Blackhawks

5 vs 5 Forward 
   Center                   Left Wing                Right Wing               Time % Phy DF OF 
 1 Jonathan Toews           Teuvo Teravainen         Patrick Kane             45     0   1  4  
 2 Eric Staal               Mike Hoffman             Kyle Palmieri            29     0   2  3  
 3 Kevin Hayes              William Nylander         Tom Wilson               18     1   2  2  
 4 Nick Shore               Brad Richardson          Devante Smith-Pelly      8      1   2  2  

5 vs 5 Defense 
   Defense                  Defense                                           Time % Phy DF OF 
 1 Brent Seabrook           Josh Manson                                       40     1   2  2  
 2 Aaron Ekblad             Anton Stralman                                    30     1   2  2  
 3 Brian Dumoulin           Will Butcher                                      20     0   3  2  
 4 Brent Seabrook           Anton Stralman                                    10     1   2  2  

PowerPlay Forward 
   Center                   Left Wing                Right Wing               Time % Phy DF OF 
 1 Jonathan Toews           Mike Hoffman             Patrick Kane             60     0   0  5  
 2 Eric Staal               William Nylander         Kyle Palmieri            40     0   0  5  

PowerPlay Defense
   Defense                  Defense                                           Time % Phy DF OF 
 1 Aaron Ekblad             Brent Seabrook                                    60     1   2  2  
 2 Anton Stralman           Will Butcher                                      40     1   2  2  

Penalty Kill 4 Players Forward 
   Center                   Wing                     Time % Phy DF OF 
 1 Jonathan Toews           Brad Richardson          60     0   5  0  
 2 Eric Staal               Tom Wilson               40     1   4  0  

Penalty Kill 4 Players Defense
   Defense                  Defense                  Time % Phy DF OF 
 1 Brent Seabrook           Anton Stralman           60     1   4  0  
 2 Josh Manson              Brian Dumoulin           40     1   4  0  

Penalty Kill - 3 Players Forward 
   Forward                                           Time % Phy DF OF 
 1 Eric Staal                                        60     0   5  0  
 2 Kevin Hayes                                       40     0   5  0  

Penalty Kill - 3 Players Defense
   Defense                  Defense                  Time % Phy DF OF 
 1 Brent Seabrook           Anton Stralman           60     0   5  0  
 2 Josh Manson              Brian Dumoulin           40     0   5  0  

4 vs 4 Forward 
   Center                   Wing                     Time % Phy DF OF 
 1 Patrick Kane             Jonathan Toews           60     0   1  4  
 2 Eric Staal               William Nylander         40     0   2  3  

4 vs 4 Defense
   Defense                  Defense                  Time % Phy DF OF 
 1 Brent Seabrook           Anton Stralman           60     0   3  2  
 2 Aaron Ekblad             Josh Manson              40     0   3  2  

Last Minutes Offensive
   Center                   Left Wing                Right Wing               Defense                  Defense                  
   Jonathan Toews           Teuvo Teravainen         Patrick Kane             Brent Seabrook           Eric Staal               

Last Minutes Defensive
   Center                   Left Wing                Right Wing               Defense                  Defense                  
   Eric Staal               Kevin Hayes              Patrick Kane             Brent Seabrook           Josh Manson              

Goaltenders
Starting : Corey Crawford           
Backup : Jeff Glass               

Extra Forwards
Normal : Eric Staal, Kevin Hayes, Tom Wilson - PP : Kyle Palmieri, Kevin Hayes - PK : Tom Wilson
Extra Defensemen
Normal : Anton Stralman, Will Butcher, Aaron Ekblad - PP : Anton Stralman - PK : Will Butcher, Aaron Ekblad
Penalty Shots
Patrick Kane, Jonathan Toews, Kyle Palmieri, William Nylander, Kevin Hayes

COLORADO Avalanche

5 vs 5 Forward 
   Center                   Left Wing                Right Wing               Time % Phy DF OF 
 1 Jeff Skinner             David Pastrnak           Craig Smith              40     1   2  2  
 2 Darren Helm              David Perron             Patrick Maroon           30     1   2  2  
 3 Ryan Spooner             Carl Hagelin             Kris Versteeg            20     1   2  2  
 4 Zack Smith               Frank Vatrano            David Pastrnak           10     1   2  2  

5 vs 5 Defense 
   Defense                  Defense                                           Time % Phy DF OF 
 1 David Savard             Dan Girardi                                       40     1   2  2  
 2 Jonas Brodin             Jonathan Ericsson                                 30     1   2  2  
 3 Dan Girardi              Kevin Bieksa                                      20     1   2  2  
 4 Justin Falk              David Savard                                      10     1   2  2  

PowerPlay Forward 
   Center                   Left Wing                Right Wing               Time % Phy DF OF 
 1 Jeff Skinner             David Pastrnak           Craig Smith              60     1   2  2  
 2 Darren Helm              David Perron             Patrick Maroon           40     1   2  2  

PowerPlay Defense
   Defense                  Defense                                           Time % Phy DF OF 
 1 David Savard             Kevin Bieksa                                      60     1   2  2  
 2 Jonas Brodin             Jonathan Ericsson                                 40     1   2  2  

Penalty Kill 4 Players Forward 
   Center                   Wing                     Time % Phy DF OF 
 1 David Pastrnak           David Perron             60     1   2  2  
 2 Jeff Skinner             Craig Smith              40     1   2  2  

Penalty Kill 4 Players Defense
   Defense                  Defense                  Time % Phy DF OF 
 1 David Savard             Justin Falk              60     1   2  2  
 2 Jonas Brodin             Jonathan Ericsson        40     1   2  2  

Penalty Kill - 3 Players Forward 
   Forward                                           Time % Phy DF OF 
 1 David Pastrnak                                    60     1   2  2  
 2 David Perron                                      40     1   2  2  

Penalty Kill - 3 Players Defense
   Defense                  Defense                  Time % Phy DF OF 
 1 David Savard             Justin Falk              60     1   2  2  
 2 Jonas Brodin             Jonathan Ericsson        40     1   2  2  

4 vs 4 Forward 
   Center                   Wing                     Time % Phy DF OF 
 1 David Pastrnak           David Perron             60     1   2  2  
 2 Jeff Skinner             Craig Smith              40     1   2  2  

4 vs 4 Defense
   Defense                  Defense                  Time % Phy DF OF 
 1 David Savard             Kevin Bieksa             60     1   2  2  
 2 Jonas Brodin             Jonathan Ericsson        40     1   2  2  

Last Minutes Offensive
   Center                   Left Wing                Right Wing               Defense                  Defense                  
   Jeff Skinner             David Pastrnak           Craig Smith              David Savard             Jonas Brodin             

Last Minutes Defensive
   Center                   Left Wing                Right Wing               Defense                  Defense                  
   Jeff Skinner             David Pastrnak           Craig Smith              David Savard             Jonas Brodin             

Goaltenders
Starting : Brian Elliott            
Backup : Anton Khudobin           

Extra Forwards
Normal : Carl Hagelin, Ryan Spooner, Zack Smith - PP : Carl Hagelin, Ryan Spooner - PK : Zack Smith
Extra Defensemen
Normal : David Savard, Kevin Bieksa, Justin Falk - PP : David Savard - PK : Kevin Bieksa, Justin Falk
Penalty Shots
David Pastrnak, David Perron, Jeff Skinner, Craig Smith, Patrick Maroon


% Time on Ice - CHICAGO Blackhawks

Lines # - Real PCT - Wanted PCT - Time Play
Normal Forward
1 - 39% - 45% - 18:55
2 - 31% - 29% - 14:55
3 - 19% - 18% - 9:26
4 - 11% - 8% - 5:27
Normal Defense
1 - 38% - 40% - 18:17
2 - 32% - 30% - 15:41
3 - 27% - 20% - 13:03
4 - 3% - 10% - 1:42
PP Forward
1 - 51% - 60% - 3:01
2 - 49% - 40% - 2:56
PP Defense
1 - 51% - 60% - 3:02
2 - 49% - 40% - 2:55
PK Forward
1 - 84% - 60% - 2:48
2 - 16% - 40% - 0:33
PK Defense
1 - 50% - 60% - 1:41
2 - 50% - 40% - 1:40
PK3 Forward
1 - 0% - 60%
2 - 0% - 40%
PK3 Defense
1 - 0% - 60%
2 - 0% - 40%
44 Forward
1 - 92% - 60% - 1:50
2 - 8% - 40% - 0:09
44 Defense
1 - 45% - 60% - 0:54
2 - 55% - 40% - 1:05
Last Minute Offensive  - 0:00
Last Minute Defensive  - 0:00
Total
Forward - 60:00
Defense - 60:00

% Time on Ice - COLORADO Avalanche

Lines # - Real PCT - Wanted PCT - Time Play
Normal Forward
1 - 36% - 40% - 17:34
2 - 32% - 30% - 15:31
3 - 26% - 20% - 12:45
4 - 6% - 10% - 2:53
Normal Defense
1 - 27% - 40% - 13:07
2 - 35% - 30% - 16:53
3 - 22% - 20% - 10:57
4 - 16% - 10% - 7:46
PP Forward
1 - 54% - 60% - 1:48
2 - 46% - 40% - 1:33
PP Defense
1 - 63% - 60% - 2:07
2 - 37% - 40% - 1:14
PK Forward
1 - 69% - 60% - 4:06
2 - 31% - 40% - 1:51
PK Defense
1 - 41% - 60% - 2:26
2 - 59% - 40% - 3:31
PK3 Forward
1 - 0% - 60%
2 - 0% - 40%
PK3 Defense
1 - 0% - 60%
2 - 0% - 40%
44 Forward
1 - 100% - 60% - 1:59
2 - 0% - 40% - 0:00
44 Defense
1 - 55% - 60% - 1:05
2 - 45% - 40% - 0:54
Last Minute Offensive  - 0:00
Last Minute Defensive  - 0:00
Total
Forward - 60:00
Defense - 60:00

Play-by-Play

1st period


0:01 of 1st period - Jonathan Toews wins face-off versus Jeff Skinner in neutral zone.
0:01 of 1st period - Josh Manson is hit by Jeff Skinner and loses puck.
0:05 of 1st period - Off-side.
0:06 of 1st period - Eric Staal wins face-off versus Darren Helm in neutral zone.
0:29 of 1st period - Shot by Darren Helm.
0:29 of 1st period - Shot Misses the Net.
0:55 of 1st period - Off-side.
0:56 of 1st period - Jonathan Toews wins face-off versus Jeff Skinner in neutral zone.
1:26 of 1st period - Shot by David Pastrnak.
1:26 of 1st period - Stopped by Corey Crawford without a rebound.
1:27 of 1st period - Kris Versteeg wins face-off versus Kevin Hayes in CHICAGO Blackhawks zone.
1:28 of 1st period - Shot by Carl Hagelin.
1:28 of 1st period - Stopped by Corey Crawford without a rebound.
1:29 of 1st period - Kevin Hayes wins face-off versus Ryan Spooner in CHICAGO Blackhawks zone.
1:29 of 1st period - Kevin Hayes is hit by Carl Hagelin.
2:33 of 1st period - Kevin Bieksa is hit by Josh Manson and loses puck.
2:36 of 1st period - Shot by Kevin Bieksa.
2:36 of 1st period - Shot Blocked by Brent Seabrook.
3:02 of 1st period - Shot by Teuvo Teravainen.
3:02 of 1st period - Stopped by Brian Elliott without a rebound.
3:03 of 1st period - Darren Helm wins face-off versus Nick Shore in COLORADO Avalanche zone.
3:12 of 1st period - Shot by Brad Richardson.
3:12 of 1st period - Stopped by Brian Elliott without a rebound.
3:13 of 1st period - Eric Staal wins face-off versus Darren Helm in COLORADO Avalanche zone.
3:19 of 1st period - Icing by Jonathan Ericsson.
3:20 of 1st period - Nick Shore wins face-off versus Darren Helm in COLORADO Avalanche zone.
3:24 of 1st period - Brad Richardson is hit by Jonathan Ericsson and loses puck.
3:52 of 1st period - Shot by Jonas Brodin.
3:52 of 1st period - Stopped by Corey Crawford without a rebound.
3:53 of 1st period - Zack Smith wins face-off versus Jonathan Toews in CHICAGO Blackhawks zone.
3:54 of 1st period - Shot by David Pastrnak.
3:54 of 1st period - Stopped by Corey Crawford without a rebound.
3:55 of 1st period - Jonathan Toews wins face-off versus Zack Smith in CHICAGO Blackhawks zone.
3:57 of 1st period - Icing by Patrick Kane.
3:58 of 1st period - Jonathan Toews wins face-off versus Jeff Skinner in CHICAGO Blackhawks zone.
4:03 of 1st period - Shot by David Pastrnak.
4:03 of 1st period - The goal is going for a video replay.
4:03 of 1st period - The goal is refused.
4:04 of 1st period - Jonathan Toews wins face-off versus Zack Smith in CHICAGO Blackhawks zone.
4:04 of 1st period - Jonathan Toews is hit by Frank Vatrano.
4:48 of 1st period - Shot by Patrick Kane.
4:48 of 1st period - Stopped by Brian Elliott without a rebound.
4:49 of 1st period - Eric Staal wins face-off versus Ryan Spooner in COLORADO Avalanche zone.
4:50 of 1st period - Shot by Kyle Palmieri.
4:50 of 1st period - Stopped by Brian Elliott without a rebound.
4:51 of 1st period - Ryan Spooner wins face-off versus Eric Staal in COLORADO Avalanche zone.
4:57 of 1st period - Off-side.
4:58 of 1st period - Mike Hoffman wins face-off versus Carl Hagelin in neutral zone.
5:01 of 1st period - Shot by Eric Staal.
5:01 of 1st period - Stopped by Brian Elliott without a rebound.
5:02 of 1st period - Jeff Skinner wins face-off versus Eric Staal in COLORADO Avalanche zone.
5:10 of 1st period - Icing by Eric Staal.
5:11 of 1st period - Jeff Skinner wins face-off versus Eric Staal in CHICAGO Blackhawks zone.
5:15 of 1st period - Icing by Josh Manson.
5:16 of 1st period - Jeff Skinner wins face-off versus Eric Staal in CHICAGO Blackhawks zone.
5:23 of 1st period - Shot by David Pastrnak.
5:23 of 1st period - Shot Misses the Net.
6:07 of 1st period - Icing by Brent Seabrook.
6:08 of 1st period - Eric Staal wins face-off versus Patrick Maroon in CHICAGO Blackhawks zone.
6:26 of 1st period - Jonas Brodin is hit by Patrick Kane and loses puck.
6:30 of 1st period - Jonas Brodin is hit by Teuvo Teravainen and loses puck.
6:35 of 1st period - Shot by Jonathan Ericsson.
6:35 of 1st period - Shot Misses the Net.
6:37 of 1st period - Shot by Patrick Maroon.
6:37 of 1st period - Shot Blocked by Aaron Ekblad.
6:58 of 1st period - Icing by Jonas Brodin.
6:59 of 1st period - Kevin Hayes wins face-off versus Darren Helm in COLORADO Avalanche zone.
7:49 of 1st period - Shot by David Pastrnak.
7:49 of 1st period - Stopped by Corey Crawford without a rebound.
7:50 of 1st period - Jonathan Toews wins face-off versus Ryan Spooner in CHICAGO Blackhawks zone.
8:13 of 1st period - Shot by Jonathan Toews.
8:13 of 1st period - Shot Misses the Net.
8:15 of 1st period - Shot by Brent Seabrook.
8:15 of 1st period - Shot Blocked by Justin Falk.
8:17 of 1st period - Shot by Teuvo Teravainen.
8:17 of 1st period - Shot Misses the Net.
8:19 of 1st period - Shot by Jonathan Toews.
8:19 of 1st period - Stopped by Brian Elliott without a rebound.
8:20 of 1st period - Jeff Skinner wins face-off versus Eric Staal in COLORADO Avalanche zone.
8:26 of 1st period - Minor Penalty to David Pastrnak for Holding.
8:27 of 1st period - Jonathan Toews wins face-off versus Zack Smith in COLORADO Avalanche zone.
8:27 of 1st period - Mike Hoffman is hit by Justin Falk and loses puck.
9:29 of 1st period - Anton Stralman is hit by Jonas Brodin and loses puck.
9:45 of 1st period - Icing by Eric Staal.
9:46 of 1st period - Eric Staal wins face-off versus Ryan Spooner in CHICAGO Blackhawks zone.
9:59 of 1st period - Shot by Kyle Palmieri.
9:59 of 1st period - Shot Misses the Net.
10:29 of 1st period - Shot by David Pastrnak.
10:29 of 1st period - Stopped by Corey Crawford without a rebound.
10:30 of 1st period - Jeff Skinner wins face-off versus Nick Shore in CHICAGO Blackhawks zone.
10:30 of 1st period - David Pastrnak is hit by Josh Manson and loses puck.
10:31 of 1st period - Minor Penalty to Josh Manson for Roughing.
10:32 of 1st period - Jeff Skinner wins face-off versus Brad Richardson in CHICAGO Blackhawks zone.
10:47 of 1st period - Shot by David Savard.
10:47 of 1st period - Shot Misses the Net.
10:49 of 1st period - Shot by Jeff Skinner.
10:49 of 1st period - Stopped by Corey Crawford without a rebound.
10:50 of 1st period - Jeff Skinner wins face-off versus Jonathan Toews in CHICAGO Blackhawks zone.
11:11 of 1st period - Shot by Jeff Skinner.
11:11 of 1st period - Shot Misses the Net.
11:13 of 1st period - Shot by David Savard.
11:13 of 1st period - Shot Misses the Net.
11:45 of 1st period - Shot by Patrick Maroon.
11:45 of 1st period - Shot Blocked by Brian Dumoulin.
11:47 of 1st period - Shot by Jonas Brodin.
11:47 of 1st period - Shot Blocked by Will Butcher.
11:49 of 1st period - Shot by Jonathan Ericsson.
11:49 of 1st period - Shot Misses the Net.
11:51 of 1st period - Shot by David Perron.
11:51 of 1st period - Shot Blocked by Eric Staal.
11:53 of 1st period - Shot by Darren Helm.
11:53 of 1st period - Goal by Darren Helm - CHICAGO Blackhawks : 0 - COLORADO Avalanche : 1.
11:54 of 1st period - Eric Staal wins face-off versus Ryan Spooner in neutral zone.
13:34 of 1st period - Shot by Jeff Skinner.
13:34 of 1st period - Stopped by Corey Crawford without a rebound.
13:35 of 1st period - Jonathan Toews wins face-off versus Darren Helm in CHICAGO Blackhawks zone.
13:42 of 1st period - Icing by Dan Girardi.
13:43 of 1st period - Jonathan Toews wins face-off versus Darren Helm in COLORADO Avalanche zone.
14:23 of 1st period - Shot by Patrick Kane.
14:23 of 1st period - Shot Misses the Net.
14:39 of 1st period - Shot by Mike Hoffman.
14:39 of 1st period - Stopped by Brian Elliott with a rebound.
14:41 of 1st period - Shot by Aaron Ekblad.
14:41 of 1st period - Shot Misses the Net.
14:43 of 1st period - Shot by Anton Stralman.
14:43 of 1st period - Stopped by Brian Elliott without a rebound.
14:44 of 1st period - Jeff Skinner wins face-off versus Nick Shore in COLORADO Avalanche zone.
14:49 of 1st period - Shot by Jeff Skinner.
14:49 of 1st period - Deflect By David Pastrnak.
14:49 of 1st period - Shot Misses the Net.
15:05 of 1st period - Craig Smith is hit by Brad Richardson and loses puck.
15:37 of 1st period - Off-side.
15:38 of 1st period - Jonathan Toews wins face-off versus Carl Hagelin in neutral zone.
17:07 of 1st period - Shot by Patrick Maroon.
17:07 of 1st period - Shot Misses the Net.
17:09 of 1st period - Shot by Dan Girardi.
17:09 of 1st period - Stopped by Corey Crawford without a rebound.
17:10 of 1st period - Kevin Hayes wins face-off versus Jeff Skinner in CHICAGO Blackhawks zone.
17:10 of 1st period - Kevin Hayes is hit by David Pastrnak.
17:13 of 1st period - Tom Wilson is hit by Jeff Skinner.
17:21 of 1st period - Shot by David Pastrnak.
17:21 of 1st period - Shot Misses the Net.
19:04 of 1st period - Off-side.
19:05 of 1st period - Jonathan Toews wins face-off versus Zack Smith in neutral zone.
19:12 of 1st period - Brent Seabrook is hit by David Pastrnak and loses puck.
19:34 of 1st period - Zack Smith is hit by Josh Manson and loses puck.
19:52 of 1st period - Off-side.
19:53 of 1st period - Kevin Hayes wins face-off versus Darren Helm in neutral zone.
Goals for this period are 0 for CHICAGO Blackhawks vs 1 for COLORADO Avalanche.
Shots for this period are 8 for CHICAGO Blackhawks vs 11 for COLORADO Avalanche.

2nd period


0:01 of 2nd period - Jeff Skinner wins face-off versus Jonathan Toews in neutral zone.
0:52 of 2nd period - Icing by Dan Girardi.
0:53 of 2nd period - Jeff Skinner wins face-off versus Eric Staal in COLORADO Avalanche zone.
1:35 of 2nd period - Shot by Eric Staal.
1:35 of 2nd period - Shot Misses the Net.
2:39 of 2nd period - Shot by Patrick Maroon.
2:39 of 2nd period - Goal by Patrick Maroon - CHICAGO Blackhawks : 0 - COLORADO Avalanche : 2.
2:40 of 2nd period - Ryan Spooner wins face-off versus Jonathan Toews in neutral zone.
2:45 of 2nd period - Shot by Carl Hagelin.
2:45 of 2nd period - Deflect By Ryan Spooner.
2:45 of 2nd period - Goal by Ryan Spooner - CHICAGO Blackhawks : 0 - COLORADO Avalanche : 3.
2:46 of 2nd period - Darren Helm wins face-off versus Jonathan Toews in neutral zone.
3:02 of 2nd period - Shot by Patrick Kane.
3:02 of 2nd period - Shot Misses the Net.
3:04 of 2nd period - Shot by Jonathan Toews.
3:04 of 2nd period - Shot Misses the Net.
3:12 of 2nd period - Shot by David Perron.
3:12 of 2nd period - Stopped by Corey Crawford without a rebound.
3:13 of 2nd period - Eric Staal wins face-off versus Carl Hagelin in CHICAGO Blackhawks zone.
3:37 of 2nd period - Shot by Carl Hagelin.
3:37 of 2nd period - Stopped by Corey Crawford without a rebound.
3:38 of 2nd period - Patrick Maroon wins face-off versus Patrick Kane in CHICAGO Blackhawks zone.
3:40 of 2nd period - Minor Penalty to David Perron for Hooking.
3:40 of 2nd period - Minor Penalty to Josh Manson for Tripping.
3:41 of 2nd period - Carl Hagelin wins face-off versus Patrick Kane in CHICAGO Blackhawks zone.
4:04 of 2nd period - Shot by Patrick Kane.
4:04 of 2nd period - Stopped by Brian Elliott without a rebound.
4:05 of 2nd period - Patrick Kane wins face-off versus David Pastrnak in COLORADO Avalanche zone.
4:20 of 2nd period - Shot by Patrick Kane.
4:20 of 2nd period - Shot Blocked by Jonas Brodin.
4:22 of 2nd period - Shot by Jonathan Toews.
4:22 of 2nd period - Stopped by Brian Elliott without a rebound.
4:23 of 2nd period - Patrick Kane wins face-off versus David Pastrnak in COLORADO Avalanche zone.
4:24 of 2nd period - Shot by Aaron Ekblad.
4:24 of 2nd period - Stopped by Brian Elliott without a rebound.
4:25 of 2nd period - David Pastrnak wins face-off versus Patrick Kane in COLORADO Avalanche zone.
4:52 of 2nd period - Shot by David Pastrnak.
4:52 of 2nd period - Shot Misses the Net.
4:54 of 2nd period - Shot by David Savard.
4:54 of 2nd period - Stopped by Corey Crawford without a rebound.
4:55 of 2nd period - Ryan Spooner wins face-off versus Jonathan Toews in CHICAGO Blackhawks zone.
5:00 of 2nd period - Shot by Zack Smith.
5:00 of 2nd period - Stopped by Corey Crawford without a rebound.
5:01 of 2nd period - David Pastrnak wins face-off versus Patrick Kane in CHICAGO Blackhawks zone.
5:20 of 2nd period - Shot by Patrick Kane.
5:20 of 2nd period - Shot Misses the Net.
5:24 of 2nd period - Shot by Patrick Kane.
5:24 of 2nd period - Shot Misses the Net.
5:26 of 2nd period - Shot by Brent Seabrook.
5:26 of 2nd period - Deflect By Jonathan Toews.
5:26 of 2nd period - Shot Blocked by Jonas Brodin.
5:28 of 2nd period - Shot by Patrick Kane.
5:28 of 2nd period - Deflect By Jonathan Toews.
5:28 of 2nd period - Shot Blocked by Jonathan Ericsson.
5:30 of 2nd period - Shot by Jonathan Toews.
5:30 of 2nd period - Goal by Jonathan Toews - CHICAGO Blackhawks : 1 - COLORADO Avalanche : 3.
5:31 of 2nd period - Eric Staal wins face-off versus Carl Hagelin in neutral zone.
6:02 of 2nd period - Shot by David Perron.
6:02 of 2nd period - Shot Misses the Net.
6:12 of 2nd period - Shot by Patrick Maroon.
6:12 of 2nd period - Shot Misses the Net.
6:31 of 2nd period - Off-side.
6:32 of 2nd period - Kris Versteeg wins face-off versus Eric Staal in neutral zone.
6:35 of 2nd period - Eric Staal is hit by Carl Hagelin.
6:41 of 2nd period - Ryan Spooner is hit by Eric Staal.
6:46 of 2nd period - Off-side.
6:47 of 2nd period - Jonathan Toews wins face-off versus Jeff Skinner in neutral zone.
7:03 of 2nd period - Icing by David Pastrnak.
7:04 of 2nd period - Jeff Skinner wins face-off versus Eric Staal in COLORADO Avalanche zone.
7:04 of 2nd period - Jeff Skinner is hit by Kyle Palmieri.
7:12 of 2nd period - Icing by Kyle Palmieri.
7:13 of 2nd period - Darren Helm wins face-off versus Eric Staal in CHICAGO Blackhawks zone.
7:29 of 2nd period - Shot by Kyle Palmieri.
7:29 of 2nd period - Stopped by Brian Elliott without a rebound.
7:30 of 2nd period - Jonathan Toews wins face-off versus Jeff Skinner in COLORADO Avalanche zone.
7:37 of 2nd period - Jonas Brodin is hit by Jonathan Toews and loses puck.
8:54 of 2nd period - Patrick Maroon is hit by Josh Manson and loses puck.
9:24 of 2nd period - David Savard is hit by Josh Manson and loses puck.
10:07 of 2nd period - Minor Penalty to Kevin Bieksa for Hooking.
10:08 of 2nd period - David Pastrnak wins face-off versus Jonathan Toews in COLORADO Avalanche zone.
10:25 of 2nd period - Shot by Patrick Kane.
10:25 of 2nd period - Shot Misses the Net.
10:27 of 2nd period - Shot by Aaron Ekblad.
10:27 of 2nd period - Stopped by Brian Elliott without a rebound.
10:28 of 2nd period - David Pastrnak wins face-off versus Eric Staal in COLORADO Avalanche zone.
10:28 of 2nd period - David Pastrnak is hit by Eric Staal.
10:46 of 2nd period - Icing by Kyle Palmieri.
10:47 of 2nd period - William Nylander wins face-off versus David Pastrnak in CHICAGO Blackhawks zone.
10:47 of 2nd period - William Nylander is hit by David Perron.
11:54 of 2nd period - Shot by Patrick Kane.
11:54 of 2nd period - Stopped by Brian Elliott without a rebound.
11:55 of 2nd period - Jonathan Toews wins face-off versus David Pastrnak in COLORADO Avalanche zone.
11:56 of 2nd period - Shot by Patrick Kane.
11:56 of 2nd period - Stopped by Brian Elliott without a rebound.
11:57 of 2nd period - David Pastrnak wins face-off versus Jonathan Toews in COLORADO Avalanche zone.
12:30 of 2nd period - Carl Hagelin is hit by Devante Smith-Pelly and loses puck.
14:03 of 2nd period - Shot by Brian Dumoulin.
14:03 of 2nd period - Stopped by Brian Elliott with a rebound.
14:05 of 2nd period - Shot by Eric Staal.
14:05 of 2nd period - Shot Blocked by David Savard.
14:07 of 2nd period - Shot by Eric Staal.
14:07 of 2nd period - Shot Blocked by David Savard.
14:11 of 2nd period - Shot by Mike Hoffman.
14:11 of 2nd period - Stopped by Brian Elliott without a rebound.
14:12 of 2nd period - Kevin Hayes wins face-off versus Zack Smith in COLORADO Avalanche zone.
14:12 of 2nd period - William Nylander is hit by David Savard and loses puck.
14:15 of 2nd period - Shot by Brent Seabrook.
14:15 of 2nd period - Shot Blocked by Dan Girardi.
14:17 of 2nd period - Shot by Tom Wilson.
14:17 of 2nd period - Stopped by Brian Elliott without a rebound.
14:18 of 2nd period - Patrick Maroon wins face-off versus Kevin Hayes in COLORADO Avalanche zone.
14:50 of 2nd period - Icing by Brent Seabrook.
14:51 of 2nd period - Kevin Hayes wins face-off versus Jeff Skinner in CHICAGO Blackhawks zone.
15:17 of 2nd period - Off-side.
15:18 of 2nd period - Jonathan Toews wins face-off versus Ryan Spooner in neutral zone.
15:25 of 2nd period - Shot by Teuvo Teravainen.
15:25 of 2nd period - Shot Blocked by Jonathan Ericsson.
16:10 of 2nd period - Patrick Kane is hit by Dan Girardi and loses puck.
16:25 of 2nd period - Shot by David Pastrnak.
16:25 of 2nd period - Stopped by Corey Crawford without a rebound.
16:26 of 2nd period - Eric Staal wins face-off versus Darren Helm in CHICAGO Blackhawks zone.
16:40 of 2nd period - Shot by Patrick Maroon.
16:40 of 2nd period - Stopped by Corey Crawford with a rebound.
16:49 of 2nd period - Patrick Maroon is hit by Brian Dumoulin.
17:02 of 2nd period - Darren Helm is hit by Brian Dumoulin.
17:15 of 2nd period - Icing by Eric Staal.
17:16 of 2nd period - Craig Smith wins face-off versus Eric Staal in CHICAGO Blackhawks zone.
17:23 of 2nd period - Shot by Jeff Skinner.
17:23 of 2nd period - Shot Misses the Net.
17:25 of 2nd period - Shot by Jeff Skinner.
17:25 of 2nd period - Shot Misses the Net.
17:27 of 2nd period - Shot by Jonathan Ericsson.
17:27 of 2nd period - Shot Blocked by Brian Dumoulin.
17:58 of 2nd period - Shot by David Pastrnak.
17:58 of 2nd period - Stopped by Corey Crawford without a rebound.
17:59 of 2nd period - Teuvo Teravainen wins face-off versus Ryan Spooner in CHICAGO Blackhawks zone.
17:59 of 2nd period - Teuvo Teravainen is hit by Kris Versteeg.
19:00 of 2nd period - Kevin Hayes is hit by David Savard and loses puck.
19:03 of 2nd period - Shot by Anton Stralman.
19:03 of 2nd period - Shot Misses the Net.
19:08 of 2nd period - Icing by Justin Falk.
19:09 of 2nd period - Ryan Spooner wins face-off versus Nick Shore in COLORADO Avalanche zone.
19:23 of 2nd period - Icing by Brad Richardson.
19:24 of 2nd period - Craig Smith wins face-off versus Nick Shore in CHICAGO Blackhawks zone.
Goals for this period are 1 for CHICAGO Blackhawks vs 2 for COLORADO Avalanche.
Shots for this period are 11 for CHICAGO Blackhawks vs 9 for COLORADO Avalanche.

3rd period


0:01 of 3rd period - Jonathan Toews wins face-off versus Jeff Skinner in neutral zone.
0:09 of 3rd period - Shot by Jeff Skinner.
0:09 of 3rd period - Stopped by Corey Crawford without a rebound.
0:10 of 3rd period - Jonathan Toews wins face-off versus Darren Helm in CHICAGO Blackhawks zone.
0:31 of 3rd period - Shot by Teuvo Teravainen.
0:31 of 3rd period - Deflect By Jonathan Toews.
0:31 of 3rd period - Shot Misses the Net.
1:01 of 3rd period - David Perron is hit by Jonathan Toews and loses puck.
1:28 of 3rd period - Shot by Eric Staal.
1:28 of 3rd period - Shot Blocked by Jonathan Ericsson.
1:34 of 3rd period - Shot by Eric Staal.
1:34 of 3rd period - Shot Misses the Net.
1:35 of 3rd period - Minor Penalty to Jonathan Ericsson for Hooking.
1:36 of 3rd period - Eric Staal wins face-off versus David Pastrnak in COLORADO Avalanche zone.
1:51 of 3rd period - Shot by Aaron Ekblad.
1:51 of 3rd period - Shot Misses the Net.
2:26 of 3rd period - Icing by Jonathan Toews.
2:27 of 3rd period - Patrick Kane wins face-off versus David Pastrnak in CHICAGO Blackhawks zone.
2:31 of 3rd period - Off-side.
2:32 of 3rd period - Jonathan Toews wins face-off versus David Pastrnak in neutral zone.
3:28 of 3rd period - Shot by Kyle Palmieri.
3:28 of 3rd period - Stopped by Brian Elliott without a rebound.
3:29 of 3rd period - Eric Staal wins face-off versus David Pastrnak in COLORADO Avalanche zone.
3:41 of 3rd period - Icing by Brian Dumoulin.
3:42 of 3rd period - Ryan Spooner wins face-off versus Nick Shore in CHICAGO Blackhawks zone.
3:53 of 3rd period - Shot by Dan Girardi.
3:53 of 3rd period - Stopped by Corey Crawford without a rebound.
3:54 of 3rd period - Jonathan Toews wins face-off versus Jeff Skinner in CHICAGO Blackhawks zone.
3:54 of 3rd period - Jonathan Toews is hit by David Pastrnak.
4:30 of 3rd period - Jonathan Toews is hit by David Pastrnak and loses puck.
4:56 of 3rd period - Icing by David Perron.
4:57 of 3rd period - Darren Helm wins face-off versus Eric Staal in COLORADO Avalanche zone.
5:10 of 3rd period - Shot by Eric Staal.
5:10 of 3rd period - Shot Blocked by Jonathan Ericsson.
6:03 of 3rd period - Shot by William Nylander.
6:03 of 3rd period - Stopped by Brian Elliott with a rebound.
6:05 of 3rd period - Shot by Tom Wilson.
6:05 of 3rd period - Shot Blocked by Kevin Bieksa.
6:13 of 3rd period - Shot by Tom Wilson.
6:13 of 3rd period - Shot Misses the Net.
6:15 of 3rd period - Shot by Kevin Hayes.
6:15 of 3rd period - Shot Misses the Net.
6:17 of 3rd period - Shot by Brian Dumoulin.
6:17 of 3rd period - Shot Misses the Net.
6:19 of 3rd period - Shot by Kevin Hayes.
6:19 of 3rd period - Shot Blocked by Dan Girardi.
6:21 of 3rd period - Shot by Tom Wilson.
6:21 of 3rd period - Shot Misses the Net.
6:51 of 3rd period - Patrick Kane is hit by Justin Falk and loses puck.
6:57 of 3rd period - Jeff Skinner is hit by Anton Stralman.
7:50 of 3rd period - Shot by Brad Richardson.
7:50 of 3rd period - Stopped by Brian Elliott with a rebound.
8:18 of 3rd period - Shot by Ryan Spooner.
8:18 of 3rd period - Shot Blocked by Josh Manson.
8:20 of 3rd period - Shot by Ryan Spooner.
8:20 of 3rd period - Shot Hit the Post.
8:39 of 3rd period - Icing by Dan Girardi.
8:40 of 3rd period - Ryan Spooner wins face-off versus Eric Staal in COLORADO Avalanche zone.
9:09 of 3rd period - Icing by Eric Staal.
9:10 of 3rd period - Eric Staal wins face-off versus Jeff Skinner in CHICAGO Blackhawks zone.
9:10 of 3rd period - Mike Hoffman is hit by David Pastrnak and loses puck.
9:12 of 3rd period - Minor Penalty to Brian Dumoulin for Roughing.
9:13 of 3rd period - Jonathan Toews wins face-off versus Jeff Skinner in CHICAGO Blackhawks zone.
9:22 of 3rd period - Shot by Jonathan Ericsson.
9:22 of 3rd period - Stopped by Corey Crawford without a rebound.
9:23 of 3rd period - Jonathan Toews wins face-off versus Jeff Skinner in CHICAGO Blackhawks zone.
9:23 of 3rd period - Jonathan Toews is hit by David Pastrnak.
9:29 of 3rd period - Jonathan Ericsson is hit by Josh Manson and loses puck.
9:45 of 3rd period - Shot by Jonas Brodin.
9:45 of 3rd period - Stopped by Corey Crawford without a rebound.
9:46 of 3rd period - Darren Helm wins face-off versus Jonathan Toews in CHICAGO Blackhawks zone.
10:37 of 3rd period - Shot by Jonathan Toews.
10:37 of 3rd period - Shot Misses the Net.
10:44 of 3rd period - Brad Richardson is hit by Kevin Bieksa and loses puck.
10:54 of 3rd period - Off-side.
10:55 of 3rd period - Jeff Skinner wins face-off versus Eric Staal in neutral zone.
11:29 of 3rd period - Shot by Kris Versteeg.
11:29 of 3rd period - Stopped by Corey Crawford without a rebound.
11:30 of 3rd period - Kevin Hayes wins face-off versus Jeff Skinner in CHICAGO Blackhawks zone.
11:30 of 3rd period - Kevin Hayes is hit by David Pastrnak.
11:56 of 3rd period - Shot by Kevin Hayes.
11:56 of 3rd period - Shot Blocked by David Savard.
13:01 of 3rd period - Shot by Teuvo Teravainen.
13:01 of 3rd period - Stopped by Brian Elliott without a rebound.
13:02 of 3rd period - Darren Helm wins face-off versus Eric Staal in COLORADO Avalanche zone.
13:18 of 3rd period - Shot by Mike Hoffman.
13:18 of 3rd period - Shot Blocked by Dan Girardi.
13:28 of 3rd period - Shot by Mike Hoffman.
13:28 of 3rd period - Shot Misses the Net.
13:31 of 3rd period - Icing by Dan Girardi.
13:32 of 3rd period - Jonathan Toews wins face-off versus Darren Helm in COLORADO Avalanche zone.
13:35 of 3rd period - Shot by Teuvo Teravainen.
13:35 of 3rd period - Stopped by Brian Elliott with a rebound.
14:07 of 3rd period - Shot by Jeff Skinner.
14:07 of 3rd period - Stopped by Corey Crawford without a rebound.
14:08 of 3rd period - Eric Staal wins face-off versus Zack Smith in CHICAGO Blackhawks zone.
14:17 of 3rd period - Icing by David Savard.
14:18 of 3rd period - Kevin Hayes wins face-off versus Zack Smith in COLORADO Avalanche zone.
14:32 of 3rd period - Off-side.
14:33 of 3rd period - Jonathan Toews wins face-off versus Darren Helm in neutral zone.
15:06 of 3rd period - Shot by Patrick Maroon.
15:06 of 3rd period - Stopped by Corey Crawford without a rebound.
15:07 of 3rd period - Eric Staal wins face-off versus Jeff Skinner in CHICAGO Blackhawks zone.
15:13 of 3rd period - Icing by Kyle Palmieri.
15:14 of 3rd period - Eric Staal wins face-off versus Jeff Skinner in CHICAGO Blackhawks zone.
15:23 of 3rd period - Shot by Kyle Palmieri.
15:23 of 3rd period - Stopped by Brian Elliott without a rebound.
15:24 of 3rd period - Jonathan Toews wins face-off versus Jeff Skinner in COLORADO Avalanche zone.
15:49 of 3rd period - Shot by Jonathan Toews.
15:49 of 3rd period - Shot Hit the Post.
16:06 of 3rd period - Shot by David Pastrnak.
16:06 of 3rd period - Stopped by Corey Crawford with a rebound.
16:50 of 3rd period - Shot by Eric Staal.
16:50 of 3rd period - Stopped by Brian Elliott without a rebound.
16:51 of 3rd period - Kevin Hayes wins face-off versus Ryan Spooner in COLORADO Avalanche zone.
17:55 of 3rd period - Shot by Jeff Skinner.
17:55 of 3rd period - Deflect By Craig Smith.
17:55 of 3rd period - Stopped by Corey Crawford without a rebound.
17:56 of 3rd period - Jeff Skinner wins face-off versus Jonathan Toews in CHICAGO Blackhawks zone.
17:59 of 3rd period - Shot by Jeff Skinner.
17:59 of 3rd period - Stopped by Corey Crawford without a rebound.
18:00 of 3rd period - Jonathan Toews wins face-off versus Jeff Skinner in CHICAGO Blackhawks zone.
18:00 of 3rd period - Teuvo Teravainen is hit by David Pastrnak and loses puck.
18:19 of 3rd period - Shot by Patrick Kane.
18:19 of 3rd period - Shot Misses the Net.
18:33 of 3rd period - Shot by Patrick Kane.
18:33 of 3rd period - Stopped by Brian Elliott with a rebound.
18:39 of 3rd period - Shot by Patrick Kane.
18:39 of 3rd period - Stopped by Brian Elliott without a rebound.
18:40 of 3rd period - Darren Helm wins face-off versus Eric Staal in COLORADO Avalanche zone.
19:14 of 3rd period - Shot by Eric Staal.
19:14 of 3rd period - Shot Misses the Net.
19:18 of 3rd period - Shot by Mike Hoffman.
19:18 of 3rd period - Deflect By Eric Staal.
19:18 of 3rd period - Stopped by Brian Elliott without a rebound.
19:19 of 3rd period - Kevin Hayes wins face-off versus Zack Smith in COLORADO Avalanche zone.
19:25 of 3rd period - Icing by Dan Girardi.
19:26 of 3rd period - Jonathan Toews wins face-off versus David Pastrnak in COLORADO Avalanche zone.
19:48 of 3rd period - Shot by Patrick Kane.
19:48 of 3rd period - Stopped by Brian Elliott with a rebound.
19:50 of 3rd period - Shot by Patrick Kane.
19:50 of 3rd period - Shot Misses the Net.
Goals for this period are 0 for CHICAGO Blackhawks vs 0 for COLORADO Avalanche.
Shots for this period are 11 for CHICAGO Blackhawks vs 10 for COLORADO Avalanche.